cohdb
Replays
Latest Replays
All Replays
Popular Replays
Top Player Replays
Match Explorer
How It Works
Community
CoH3 Stats
Reddit
Sign in to upload your games and track your stats! →
Sign in with Steam
Match 39293696
Unlisted
Match 39293696
Overview
Messages
Build Orders
End
Construct Barracks
Riflemen Squad
1⁄4-ton 4x4 Truck
Construct Weapon Support Center
M1919 Machine Gun Team
Selects Advanced Infantry Battlegroup
Selects Convert to Ranger Squad
M1919 Machine Gun Team
Ranger Squad
Engineer Squad
Air Support Center
Selects Frontline Medical Station
Construct Motor Pool
.30 cal Machine Gun
M3 Armored Personnel Carrier
.30 cal Machine Gun
Grasshopper Recon Run
M1 Anti-tank Gun Team
M1 Anti-tank Gun Team
Selects Infantry Assault
M8 Greyhound Armored Car
Grasshopper Recon Run
Frontline Medical Station
Selects Artillery Observers
Grasshopper Recon Run
M1 Mortar Team
Grasshopper Recon Run
Construct Tank Depot
Selects M2A1 105mm Howitzer Emplacement
Selects Free Fire Drills
M4A1 Sherman Medium Tank
P-47 Dive Bomb
Infantry Assault
Grasshopper Recon Run
P-47 Strafing Run
M18 Hellcat Tank Destroyer
P-47 Dive Bomb
M1919 Machine Gun Team
Riflemen Squad
Engineer Squad
Grasshopper Recon Run
P-47 Strafing Run
Grenade Package
Grasshopper Recon Run
Infantry Assault
P-47 Dive Bomb
M4A1 Sherman Medium Tank
Grasshopper Recon Run
M4A1 Sherman Medium Tank
Bighazelnut
L1ght_Vapez
0
0
Comments
sign in to comment!
No comments posted yet!